Map: Thunderbird LE

Players

lIlIlIlIlIll - Winner!

  • Race: Terran Terran
  • League: Grandmaster
  • Spawn Location: 5:00

Cham

  • Race: Zerg Zerg
  • League: Grandmaster
  • Spawn Location: 11:00

VOD

Have the link to the VOD?

Description

Time

  • Played on: Oct. 15, 2019, 2:21 p.m.
  • Length: 11:19
Show
View Real Time Build Order
Export as new Build Order

lIlIlIlIlIll Terran - Winner!

Build Orders: Reaper Expand 

Get SALT Encoding   

  12  0:00  SCV  
  13  0:13  SCV  
  14  0:16  Supply Depot  
  14  0:25  SCV  
  15  0:38  SCV  
  15  0:40  Barracks  
  16  0:43  Refinery  
  16  0:50  SCV  
  17  1:02  SCV  
  18  1:14  SCV  
  19  1:27  Orbital Command, Reaper  
  20  1:39  Command Center  
  20  1:48  Supply Depot  
  20  1:53  SCV  
  21  1:59  Marine  
  22  2:05  SCV  
  22  2:07  Factory  
  23  2:18  SCV  
  23  2:19  Barracks Reactor  
  24  2:30  SCV  
  25  2:42  Command Center, SCV  
  26  2:51  Orbital Command  
  26  2:54  SCV  
  26  2:56  Starport  
  27  3:03  Marine  
  27  3:04  Refinery  
  28  3:06  SCV  
  28  3:11  Hellion  
  31  3:15  Hellion  
  31  3:18  SCV  
  31  3:19  SCV  
  35  3:28  Barracks Tech Lab  
  35  3:30  SCV  
  35  3:32  Viking, SCV  
  39  3:36  Hellion  
  43  3:41  Hellion  
  43  3:43  SCV  
  43  3:44  SCV  
  43  3:46  Marine  
  46  3:50  Stimpack  
  46  3:54  Orbital Command  
  46  3:56  SCV  
  46  3:57  SCV  
  48  4:03  Starport Reactor  
  48  4:04  Marine  
  48  4:09  SCV x2  
  51  4:14  Factory Tech Lab  
  51  4:20  Barracks  
  51  4:21  SCV x2  
  51  4:22  Marine  
  51  4:23  Barracks  
  54  4:25  Supply Depot  
  54  4:26  SCV  
  55  4:33  SCV x2  
  55  4:36  Refinery  
  57  4:38  SCV  
  57  4:39  Refinery  
  57  4:40  Marine  
  57  4:45  SCV x2  
  61  4:47  Siege Tank, Supply Depot  
  61  4:49  Starport Reactor  
  61  4:50  SCV  
  65  4:57  Marine, SCV x2  
  68  5:03  SCV  
  69  5:07  Engineering Bay x2  
  69  5:09  SCV x2  
  69  5:10  Supply Depot x2  
  71  5:15  Marine, SCV  
  71  5:19  Marine x3  
  71  5:21  Marine  
  77  5:31  Siege Tank, Medivac x2, SCV  
  77  5:32  SCV x2  
  77  5:33  Supply Depot, Marine  
  88  5:35  Supply Depot  
  88  5:38  Terran Infantry Weapons Level 1  
  88  5:39  Terran Infantry Armor Level 1  
  88  5:43  Marine  
  88  5:44  Marine, SCV x3  
  93  5:54  Marine x3  
  93  5:56  SCV  
  93  5:57  Barracks x2  
  97  5:58  SCV x2  
  97  6:00  Supply Depot  
  97  6:01  Marine, Combat Shield  
  100  6:07  Marine  
  100  6:08  SCV  
  100  6:09  Siege Tank  
  100  6:10  Medivac  
  107  6:12  Marine x2  
  107  6:17  Refinery  
  109  6:21  Marine x2, SCV x3  
  109  6:25  Marine  
  115  6:26  Supply Depot  
  115  6:27  Supply Depot  
  115  6:30  Marine x2  
  117  6:41  Marine, SCV  
  117  6:42  Supply Depot  
  117  6:45  Command Center  
  117  6:48  Marine x4, SCV x2  
  117  6:50  Barracks Reactor x2  
  117  6:51  Siege Tank  
  117  6:53  Medivac  
  128  6:59  Marine  
  118  7:05  Marine x3  
  118  7:06  Marine  
  118  7:07  Medivac  
  118  7:12  Supply Depot  
  118  7:13  Armory  
  118  7:17  Marine  
  119  7:23  Medivac, Marine x3, SCV  
  119  7:24  Marine  
  126  7:30  Marine x3  
  126  7:32  Siege Tank  
  126  7:33  Marine  
  126  7:34  Marine  
  126  7:35  Refinery  
  126  7:36  Factory  
  134  7:41  Marine x3  
  134  7:42  Marine  
  138  7:48  Marine x3  
  140  7:51  Marine  
  140  7:52  Marine  
  140  7:58  Medivac x2  
  145  7:59  Marine x3  
  145  8:00  Marine, SCV x3  
  149  8:06  Marine x3  
  149  8:09  Marine  
  149  8:10  Marine  
  149  8:12  SCV x3  
  139  8:13  Siege Tank  
  139  8:14  Terran Vehicle And Ship Armor Level 1, Terran Infantry Weapons Level 2, Terran Infantry Armor Level 2  
  139  8:17  Marine x4  
  142  8:24  Marine x3  
  139  8:27  Marine  
  139  8:28  Marine  
  139  8:30  SCV x3  
  139  8:31  Factory Tech Lab  
  144  8:35  Marine x4  
  144  8:36  Planetary Fortress  
  148  8:41  Marine  
  148  8:42  Marine x2  
  148  8:45  Marine  
  148  8:46  Marine  
  148  8:47  Barracks x2  
  148  8:48  Barracks  
  153  8:49  Siege Tank  
  153  8:52  Marine x3  
  153  8:53  Supply Depot  
  153  8:54  Supply Depot, Liberator, Marauder, Medivac  
  163  8:59  Marine  
  163  9:02  Marine  
  164  9:04  Siege Tank  
  164  9:07  Liberator  
  164  9:09  Marine x2  
  133  9:12  Marine x4  
  133  9:14  Marine  
  133  9:15  Refinery  
  133  9:16  SCV x3  
  142  9:17  Marine, SCV  
  142  9:18  Refinery  
  142  9:20  Marine  
  145  9:27  Siege Tank, Marine x2  
  145  9:28  SCV x3  
  145  9:30  Marine x2  
  145  9:31  Marine x2  
  159  9:32  Marine, SCV  
  159  9:36  Siege Tank  
  159  9:38  Marine x2  
  161  9:42  Liberator  
  161  9:44  Marine, Barracks Tech Lab x3  
  161  9:45  Marine  
  163  9:48  Marine x2  
  163  9:50  Marine x3, Liberator  
  163  9:52  Command Center  
  165  9:55  Marine  
  172  10:00  Siege Tank  
  172  10:06  Marine  
  173  10:08  Siege Tank  
  152  10:16  Marine x2  
  152  10:17  Marine x4  
  152  10:18  Marine x3  
  152  10:19  Marine x2  
  159  10:22  Starport  
  159  10:24  Marine  
  159  10:25  Starport  
  159  10:26  Fusion Core  
  157  10:34  Marine x4  
  157  10:35  Marine x2  
  162  10:36  Marine x4  
  162  10:37  Marine  
  162  10:41  Marine  
  156  10:52  Marine x4  
  156  10:53  Marine x2  
  156  10:54  Marine x3  
  156  10:55  Marine x2  
  156  10:57  Supply Depot  
  171  10:58  Supply Depot  
  171  10:59  Marine  
Show
View Real Time Build Order
Export as new Build Order

Cham Zerg 

Build Orders: Hatch First 

Get SALT Encoding   

  12  0:00  Drone  
  13  0:08  Drone  
  14  0:16  Overlord  
  14  0:35  Drone x2  
  16  0:49  Hatchery  
  15  0:51  Drone  
  15  0:55  Drone  
  17  0:58  Drone  
  18  1:10  Extractor  
  17  1:13  Spawning Pool  
  17  1:17  Drone  
  17  1:20  Drone  
  18  1:29  Drone  
  19  1:41  Drone  
  20  1:52  Drone  
  21  2:00  Queen x2  
  25  2:02  Zergling x4  
  27  2:15  Hatchery  
  27  2:20  Overlord  
  26  2:23  Drone  
  26  2:25  Drone  
  28  2:35  Metabolic Boost  
  28  2:41  Drone x3  
  31  2:49  Overlord  
  31  2:50  Drone  
  32  2:55  Drone x2  
  34  3:08  Drone x3  
  34  3:10  Drone x2  
  34  3:11  Drone x3  
  42  3:13  Queen  
  44  3:24  Overlord  
  44  3:27  Extractor, Queen  
  44  3:28  Overlord  
  44  3:29  Extractor  
  44  3:34  Zergling x4  
  48  3:37  Zergling x2  
  49  3:43  Zergling x6  
  49  3:45  Drone x5  
  57  3:49  Drone  
  57  3:50  Drone  
  57  3:54  Queen  
  61  3:58  Queen  
  61  4:00  Overlord  
  63  4:09  Drone x3  
  66  4:13  Overlord  
  66  4:14  Overlord  
  66  4:16  Overlord  
  66  4:18  Queen  
  68  4:33  Drone x8  
  76  4:39  Drone  
  76  4:41  Drone  
  76  4:42  Drone x5  
  76  4:43  Lair  
  83  4:46  Extractor x2  
  83  4:49  Spore Crawler x3  
  83  4:51  Spore Crawler  
  83  4:52  Drone x2  
  79  4:56  Drone x2, Baneling Nest  
  79  4:58  Drone x2  
  82  5:03  Overlord  
  82  5:04  Drone  
  83  5:09  Drone  
  83  5:10  Drone x2  
  83  5:12  Extractor x2  
  84  5:19  Overlord  
  84  5:20  Zergling x8  
  88  5:23  Hatchery  
  88  5:27  Evolution Chamber  
  86  5:29  Drone x3, Evolution Chamber  
  86  5:31  Drone  
  86  5:32  Pneumatized Carapace  
  86  5:33  Zergling x4  
  86  5:34  Zergling x2  
  92  5:39  Baneling  
  92  5:40  Baneling x5  
  92  5:46  Zergling x12  
  98  5:53  Zergling x4  
  98  5:56  Overlord x3  
  100  5:58  Zerg Ground Armor Level 1  
  100  6:01  Zerg Melee Weapons Level 1  
  100  6:04  Overlord x2  
  100  6:13  Overlord  
  99  6:19  Zergling x2  
  99  6:20  Zergling x10  
  105  6:26  Baneling x6  
  105  6:27  Zergling x6  
  105  6:30  Zergling x18  
  117  6:37  Zergling x2  
  118  6:42  Centrifical Hooks  
  118  6:45  Zergling x2  
  118  6:46  Zergling x6  
  122  6:53  Zergling x6  
  124  6:57  Drone  
  124  6:58  Drone x3  
  124  6:59  Drone  
  124  7:00  Drone x2  
  116  7:05  Drone x2  
  116  7:07  Drone x3  
  114  7:10  Infestation Pit, Drone x2  
  114  7:14  Drone  
  116  7:17  Drone  
  116  7:19  Hatchery, Drone x2  
  118  7:27  Baneling x4, Overlord  
  118  7:32  Drone  
  118  7:33  Zergling x6, Drone, Baneling  
  118  7:34  Baneling x2  
  118  7:37  Zergling x2  
  124  7:43  Zergling x12  
  124  7:44  Baneling x9  
  124  7:46  Zergling x8  
  124  7:50  Zergling x4  
  124  7:51  Zergling x4  
  131  7:56  Zergling x6  
  131  7:58  Zergling x4  
  126  8:09  Zergling x8  
  126  8:11  Zergling x2  
  126  8:12  Zergling x4  
  110  8:13  Zergling x6  
  110  8:16  Zergling x2  
  107  8:23  Zergling x18  
  107  8:25  Zergling x2  
  116  8:28  Baneling  
  116  8:29  Baneling  
  116  8:30  Baneling  
  116  8:31  Baneling x8  
  116  8:32  Zergling x6  
  116  8:33  Hive  
  119  8:34  Hatchery  
  119  8:35  Zergling x2, Zerg Ground Armor Level 2, Queen  
  119  8:36  Zerg Melee Weapons Level 2, Extractor x2  
  119  8:37  Zergling x2, Queen  
  119  8:39  Baneling x2  
  119  8:40  Baneling x4  
  122  8:41  Drone x2  
  122  8:42  Drone  
  122  8:43  Zergling x4  
  122  8:44  Zergling x4  
  122  8:45  Zergling x2  
  122  8:46  Baneling  
  122  8:47  Baneling x2  
  130  8:49  Zergling x4  
  130  8:51  Zergling x8  
  130  8:53  Baneling x2  
  130  8:54  Zergling x2  
  130  8:55  Zergling x2  
  138  8:56  Zergling x2  
  131  9:06  Zergling x4  
  131  9:08  Zergling x10  
  120  9:10  Zergling x8  
  120  9:12  Zergling x8  
  125  9:17  Baneling  
  125  9:18  Baneling x9  
  125  9:19  Drone x2  
  125  9:20  Zergling x8, Drone  
  132  9:27  Baneling x6  
  132  9:28  Zergling x6, Baneling x5  
  135  9:32  Zergling x6  
  130  9:40  Zergling x12  
  130  9:43  Baneling  
  130  9:44  Zergling x4, Baneling x7  
  137  9:52  Ultralisk Cavern  
  136  9:54  Zergling x10  
  136  9:55  Zergling x4  
  136  9:56  Zergling x4  
  136  9:59  Zergling x6  
  148  10:00  Zergling x2  
  148  10:01  Zergling x2  
  148  10:04  Zergling x2  
  148  10:05  Zergling x8  
  121  10:16  Zergling x20  
  121  10:20  Baneling x4  
  121  10:21  Baneling x3  
  120  10:22  Baneling x3  
  120  10:27  Zergling x14  
  125  10:30  Zergling x2  
  105  10:46  Zergling x22  
  105  10:48  Zergling x4  
  105  10:49  Zergling x4  
  101  10:51  Zergling x2  
  101  10:55  Zergling x6  
Tags
 
Add a new tag
Caveats
  • Supply blocks, unpowered buildings, or Contaminate may cause inaccurate times.
  • Supply counts are checked every 10 seconds.